 Dungeon Crawl Stone Soup version 0.31-a0-152-g6aa68a64a1 (webtiles) character file.

Game seed: 3606537025819492767

660 qw the Shooter (level 7, -7/66 HPs)
             Began as a Naga Hunter on June 9, 2023.
             Mangled by a killer bee (8 damage)
             ... on level 4 of the Dungeon.
             The game lasted 00:01:12 (3010 turns).

qw the Shooter (Naga Hunter)                        Turns: 3010, Time: 00:01:13

Health: -7/66      AC: 11    Str: 15    XL:     7   Next: 56%
Magic:  7/7        EV:  7    Int: 10    God:
Gold:   200        SH:  5    Dex: 16    Spells: 6/6 levels left

rFire   + . .        Y - +1 shortbow
rCold   . . .        (shield currently unavailable)
rNeg    . . .        c - +0 leather armour
rPois   +            d - +0 helmet
rElec   .            (no cloak)
rCorr   .            a - +0 pair of gloves
SInv    +            b - +1 barding {rF+}
Will    .....        g - amulet of Voha Yji Hocs {Reflect Rampage Str+2 SH+5}
Stlth   ++           (no ring)
HPRegen 0.31/turn    (no ring)
MPRegen 0.10/turn

%: reflection, rampage
@: short of breath, very slow
A: AC +2, large, see invisible, deformed body, poison resistance, slowness 2,
spit poison 1, naga tail 1
a: Spit Poison


You were on level 4 of the Dungeon.
You visited 1 branch of the dungeon, and saw 5 of its levels.

You collected 200 gold pieces.


Innate Abilities, Weirdness & Mutations

Your serpentine skin is tough. (AC +2)
You have supernaturally acute eyesight. (SInv)
Armour fits poorly on your strangely shaped body.
Your system is resistant to poisons. (rPois)
You cover ground very slowly.
You can spit poison.
You have a snake-like lower body.


   Skills:
 - Level 4.3 Fighting
 + Level 6.7 Ranged Weapons
 - Level 2.3 Armour
 - Level 1.5 Dodging
 - Level 1.5 Stealth


You had 6 spell levels left.
You didn't know any spells.
Your spell library was empty.

Inventory:

Hand Weapons
 Y - a +1 shortbow (weapon)
Armour
 a - a +0 pair of gloves (worn)
 b - a +1 barding of fire resistance (worn)
 c - a +0 leather armour (worn)
 d - a +0 helmet (worn)
Jewellery
 g - the amulet of Voha Yji Hocs (around neck) {Reflect Rampage Str+2 SH+5}
   (You acquired it on level 3 of the Dungeon)

   [amulet of reflection]

   It reflects blocked missile attacks.
   Str:       It affects your strength (+2).
   SH:        It affects your SH (+5).
   Rampage:   It bestows one free step when moving towards enemies.
Potions
 e - a potion of magic {unknown}
 f - a potion of heal wounds {unknown}
 i - a potion of invisibility {unknown}
 j - 2 potions of might
 k - a potion of ambrosia {unknown}
 n - a potion of enlightenment {unknown}

Dungeon Overview and Level Annotations

Branches:
Dungeon (5/15)
 Temple: D:4-7

Altars:
Dithmenos
Sif Muna
Xom
Yredelemnul


Message History

The killer bee stings you but does no damage. x2
You shoot an arrow. The arrow misses the killer bee.
You have got your breath back.
The killer bee stings you. The killer bee stings you!
The killer bee stings you but does no damage.
You block the killer bee's attack. The killer bee closely misses you.
The killer bee barely misses you.
The killer bee stings you but does no damage.
The killer bee stings you.
3007 ||| INVOKING Spit Poison.
Aiming: Spit Poison (1% risk of failure)
Press: ? - help, Shift-Dir - straight line, f/p - killer bee The splash of poison hits the killer bee!
The killer bee is poisoned.
The killer bee is severely wounded.
The killer bee closely misses you.
The killer bee stings you but does no damage.
The killer bee stings you.
The killer bee stings you but does no damage. x2
The killer bee stings you. The killer bee stings you!
You block the killer bee's attack.
You shoot an arrow. The arrow barely misses the killer bee.
You kill the killer bee!
The killer bee stings you.
The killer bee stings you but does no damage.
The killer bee closely misses you.
The killer bee stings you but does no damage.
The killer bee barely misses you. You block the killer bee's attack.
You shoot an arrow. The arrow misses the killer bee.
You have got your breath back.
The killer bee barely misses you. The killer bee stings you. x4
You block the killer bee's attack.
3010 ||| INVOKING Spit Poison.
Aiming: Spit Poison (1% risk of failure)
Press: ? - help, Shift-Dir - straight line, f/p - killer bee The splash of poison misses the killer bee.
You block the killer bee's attack.
The killer bee stings you but does no damage.
The killer bee stings you!
You die...

.#...........#...##.......##.....
.#...........#...##.......##.....
##....)......#...##..............
..##'###.....######..............
..#....#.....#....#..............
.>#....'.....#....#..............
..+....#...).#....#..............
######'#..>..###y##..............
.....#.###...[.y@.##########.....
.PPP.#:..#..?...y..........#.....
.P...#...#.....[[..........######
.P._.#...#.......................
.P...#####.......................
.PPP.#...####'####...............
.....#......#(...#...............
######......#....#...............
.....#......#....#...............


You could see 3 killer bees.

Vanquished Creatures
  Menkaure (D:4)
  Edmund (D:4)
  2 ogres
  2 killer bees
  A hound (D:4)
  2 adders
  An ufetubus (D:4)
  2 worms (D:2)
  5 dart slugs
  8 orcs
  2 ball pythons
  7 bats
  5 endoplasms
  7 giant cockroaches
  5 goblins
  4 hobgoblins
  6 jackals
  8 kobolds
  2 quokkas
  6 frilled lizards
  2 rats
79 creatures vanquished.

Notes
Turn   | Place    | Note
-------+----------+-------------------------------------------
     0 | D:1      | qw the Naga Hunter began the quest for the Orb.
     0 | D:1      | Reached XP level 1. HP: 19/19 MP: 1/1
     0 | D:1      | 0 ||| qw: Version: 0.2-a-122-gbc61b45
     0 | D:1      | 0 ||| qw: Game counter: 3418
     0 | D:1      | 0 ||| qw: Always use a shield: true
     0 | D:1      | 0 ||| qw: God list: Okawaru
     0 | D:1      | 0 ||| qw: Allow faded altars: false
     0 | D:1      | 0 ||| qw: Do Orc after D:15 true
     0 | D:1      | 0 ||| qw: Do second Lair branch before Depths: true
     0 | D:1      | 0 ||| qw: Lair rune preference: random
     0 | D:1      | 0 ||| qw: Plans: Normal
     0 | D:1      | 0 ||| PLANNING D:1-11
    62 | D:1      | 62 ||| INVOKING Spit Poison.
    73 | D:1      | 73 ||| INVOKING Spit Poison.
    86 | D:1      | 86 ||| INVOKING Spit Poison.
   111 | D:1      | 111 ||| INVOKING Spit Poison.
   112 | D:1      | Reached skill level 4 in Ranged Weapons
   112 | D:1      | Reached XP level 2. HP: 26/26 MP: 2/2
   125 | D:1      | 125 ||| INVOKING Spit Poison.
   230 | D:1      | 230 ||| INVOKING Spit Poison.
   233 | D:1      | 233 ||| INVOKING Spit Poison.
   260 | D:1      | 260 ||| INVOKING Spit Poison.
   271 | D:1      | 271 ||| INVOKING Spit Poison.
   311 | D:1      | 311 ||| INVOKING Spit Poison.
   314 | D:1      | 314 ||| INVOKING Spit Poison.
   320 | D:1      | 320 ||| INVOKING Spit Poison.
   418 | D:1      | 418 ||| INVOKING Spit Poison.
   556 | D:1      | 556 ||| READING scroll labelled GASSIGROK DALI.
   606 | D:1      | 606 ||| READING 3 scrolls labelled TONUJO YFUSAOS.
   607 | D:1      | 607 ||| READING scroll labelled YVIACOOCI.
   608 | D:1      | 608 ||| DROPPING scroll of butterflies.
   609 | D:1      | 609 ||| DROPPING 2 scrolls of fog.
   641 | D:2      | 641 ||| INVOKING Spit Poison.
   644 | D:2      | Reached XP level 3. HP: 28/32 MP: 3/3
   730 | D:2      | 730 ||| INVOKING Spit Poison.
   735 | D:2      | 735 ||| INVOKING Spit Poison.
   780 | D:2      | 780 ||| INVOKING Spit Poison.
   783 | D:2      | 783 ||| INVOKING Spit Poison.
   800 | D:2      | 800 ||| INVOKING Spit Poison.
   803 | D:2      | 803 ||| INVOKING Spit Poison.
   825 | D:2      | 825 ||| INVOKING Spit Poison.
   864 | D:2      | 864 ||| INVOKING Spit Poison.
   871 | D:2      | 871 ||| INVOKING Spit Poison.
   875 | D:2      | 875 ||| INVOKING Spit Poison.
   878 | D:2      | 878 ||| INVOKING Spit Poison.
   934 | D:2      | 934 ||| INVOKING Spit Poison.
   938 | D:2      | 938 ||| INVOKING Spit Poison.
   942 | D:2      | 942 ||| INVOKING Spit Poison.
   969 | D:2      | 969 ||| INVOKING Spit Poison.
   972 | D:2      | Reached skill level 5 in Ranged Weapons
   995 | D:2      | 995 ||| INVOKING Spit Poison.
   996 | D:2      | 996 ||| INVOKING Spit Poison.
   998 | D:2      | Reached XP level 4. HP: 39/39 MP: 4/4
  1061 | D:2      | 1061 ||| INVOKING Spit Poison.
  1291 | D:2      | 1291 ||| UPGRADING to +0 pair of gloves.
  1343 | D:3      | 1343 ||| INVOKING Spit Poison.
  1364 | D:3      | Found a faded altar of an unknown god.
  1394 | D:3      | 1394 ||| INVOKING Spit Poison.
  1407 | D:3      | 1407 ||| INVOKING Spit Poison.
  1410 | D:3      | 1410 ||| INVOKING Spit Poison.
  1411 | D:3      | 1411 ||| INVOKING Spit Poison.
  1415 | D:3      | 1415 ||| INVOKING Spit Poison.
  1419 | D:3      | 1419 ||| INVOKING Spit Poison.
  1441 | D:3      | 1441 ||| INVOKING Spit Poison.
  1447 | D:3      | 1447 ||| INVOKING Spit Poison.
  1480 | D:3      | 1480 ||| FLEEEEING.
  1484 | D:3      | 1484 ||| STAIRDANCE
  1510 | D:2      | 1510 ||| DROPPING ring of wizardry.
  1511 | D:2      | 1511 ||| READING scroll labelled PEACKA ZOEGA.
  1588 | D:3      | 1588 ||| INVOKING Spit Poison.
  1778 | D:3      | 1778 ||| INVOKING Spit Poison.
  1860 | D:3      | Found a shimmering blue altar of Sif Muna.
  1865 | D:3      | Found a shimmering altar of Xom.
  1922 | D:3      | 1922 ||| UPGRADING to +0 helmet.
  1927 | D:3      | 1927 ||| DROPPING ring of magical power.
  1928 | D:3      | 1928 ||| READING scroll labelled QOTWUCS SYNO.
  1929 | D:3      | 1929 ||| READING 3 scrolls labelled SESSUH ISA.
  1929 | D:3      | Identified 3 scrolls of acquirement
  1929 | D:3      | 1929 ||| ACQUIRING +0 barding of Liberty {Int+3 SInv
                  | Stlth-}
  1929 | D:3      | Acquired the +0 barding of Liberty {Int+3 SInv Stlth-}
  1930 | D:3      | 1930 ||| READING 2 scrolls of acquirement.
  1930 | D:3      | 1930 ||| ACQUIRING amulet of Voha Yji Hocs {Reflect Rampage
                  | Str+2 SH+5}
  1930 | D:3      | Acquired the amulet of Voha Yji Hocs {Reflect Rampage Str+2
                  | SH+5}
  1931 | D:3      | 1931 ||| READING scroll of acquirement.
  1931 | D:3      | 1931 ||| ACQUIRING +1 barding of fire resistance
  1931 | D:3      | Acquired a +1 barding of fire resistance
  1933 | D:3      | 1933 ||| UPGRADING to +1 barding of fire resistance.
  1938 | D:3      | 1938 ||| UPGRADING to amulet of Voha Yji Hocs {Reflect
                  | Rampage Str+2 SH+5}.
  1943 | D:3      | 1943 ||| READING scroll labelled OXATEI UBONUE.
  1944 | D:3      | 1944 ||| DRINKING 3 glowing red potions.
  1945 | D:3      | 1945 ||| DRINKING 4 fizzy inky potions.
  1946 | D:3      | 1946 ||| DROPPING 3 potions of brilliance.
  1967 | D:4      | Noticed an ogre
  1968 | D:4      | 1968 ||| INVOKING Spit Poison.
  1972 | D:4      | 1972 ||| INVOKING Spit Poison.
  1975 | D:4      | 1975 ||| STAIRDANCE
  1978 | D:3      | Killed an ogre
  1979 | D:3      | Reached XP level 5. HP: 19/48 MP: 5/5
  2095 | D:4      | Found a basalt altar of Yredelemnul.
  2112 | D:4      | Noticed Edmund
  2115 | D:4      | 2115 ||| INVOKING Spit Poison.
  2120 | D:4      | 2120 ||| INVOKING Spit Poison.
  2124 | D:4      | Killed Edmund
  2125 | D:4      | Reached XP level 6. HP: 54/58 MP: 6/6
  2143 | D:4      | 2143 ||| INVOKING Spit Poison.
  2148 | D:4      | 2148 ||| INVOKING Spit Poison.
  2155 | D:4      | 2155 ||| INVOKING Spit Poison.
  2158 | D:4      | 2158 ||| INVOKING Spit Poison.
  2168 | D:4      | 2168 ||| INVOKING Spit Poison.
  2263 | D:4      | 2263 ||| INVOKING Spit Poison.
  2366 | D:4      | 2366 ||| INVOKING Spit Poison.
  2369 | D:4      | Reached XP level 7. HP: 66/66 MP: 7/7
  2492 | D:4      | 2492 ||| INVOKING Spit Poison.
  2507 | D:4      | 2507 ||| INVOKING Spit Poison.
  2512 | D:4      | 2512 ||| INVOKING Spit Poison.
  2532 | D:4      | Found a shadowy altar of Dithmenos.
  2599 | D:4      | 2599 ||| INVOKING Spit Poison.
  2778 | D:4      | Noticed Menkaure
  2781 | D:4      | 2781 ||| FLEEEEING.
  2788 | D:4      | HP: 15/66 [??? (13)]
  2790 | D:4      | Killed Menkaure
  2791 | D:4      | Reached skill level 6 in Ranged Weapons
  2973 | D:4      | 2973 ||| READING scroll labelled ULOILI EPETA.
  2978 | D:4      | 2978 ||| READING scroll labelled ELLERINUWK.
  2979 | D:4      | 2979 ||| READING scroll labelled DIGRUOW KEPHI.
  3000 | D:5      | Entered Level 5 of the Dungeon
  3001 | D:5      | 3001 ||| INVOKING Spit Poison.
  3003 | D:5      | 3003 ||| STAIRDANCE
  3007 | D:4      | 3007 ||| INVOKING Spit Poison.
  3007 | D:4      | HP: 15/66 [killer bee (8)]
  3009 | D:4      | HP: 5/66 [killer bee (5)]
  3009 | D:4      | HP: 1/66 [killer bee (3)]
  3010 | D:4      | 3010 ||| INVOKING Spit Poison.
  3010 | D:4      | Mangled by a killer bee

Levels and vault maps discovered:
D:1:      nagdon_arrival_double_spiral, layout_basic
D:2:      layout_loops_ring, dreamdust_wishing_well
D:3:      layout_rooms, mainiacjoe_overflow_big_doors, basic_ecumenical_altar
D:4:      layout_gridville, mainiacjoe_overflow_alcove_2,
          mainiacjoe_overflow_alcove_4, uniq_menkaure, uniq_edmund
D:5:      layout_cave_pods, nicolae_uskayaw_murder_on_the_dancefloor,
          kennysheep_mini_moat, lemuel_coloured_pillars_altar,
          lemuel_doored_altar, minmay_temple_entry_trees, dk_noncrumbling_2,
          uniq_prince_ribbit1

Skill      XL: |  1  2  3  4  5  6  7 |
---------------+----------------------+-----
Ranged Weapons | 4 5 6 |  6.7
Armour         | 2 |  2.3
Fighting       | 4 |  4.3
Dodging        | |  1.5
Stealth        | |  1.5

Action                     |  1- 3 |  4- 6 |  7- 9 || total
---------------------------+-------+-------+-------++-------
   Fire: Shortbow          |    67 |    74 |    31 ||   172
Ability: Spit Poison       |    30 |    22 |     7 ||    59
    Use: Scroll            |     3 |     6 |     3 ||    12
         Potion            |       |     2 |       ||     2
 Armour: Leather armour    |     7 |     5 |    20 ||    32
  Dodge: Dodged            |    12 |    15 |    13 ||    40
  Block: Other             |       |     2 |     9 ||    11

Table legend:
 A = Non-vault XP
 B = Vault XP
 C = Vault XP percentage of total XP
 D = Non-vault monster count
 E = Vault monster count
 F = Vault count percentage of total count
                 A         B        C        D         E       F
            +---------+---------+-------+---------+---------+-------
      Total |     600 |     343 |  36.4 |      77 |       2 |   2.5
            +---------+---------+-------+---------+---------+-------
        D:1 |      33 |       0 |   0.0 |      16 |       0 |   0.0
        D:2 |      53 |       0 |   0.0 |      20 |       0 |   0.0
        D:3 |     164 |       0 |   0.0 |      17 |       0 |   0.0
        D:4 |     289 |     343 |  54.3 |      23 |       2 |   8.0
        D:5 |      61 |       0 |   0.0 |       1 |       0 |   0.0
            +---------+---------+-------+---------+---------+-------
